 Dungeon Sprint DCSS version 0.30.1 (webtiles) character file.

Game seed: 2749627242626315221

5200000 BreadTh the Axe Maniac (level 22, -5/148 HPs)
             Began as a Spriggan Brigand on July 11, 2023.
             Was the Champion of Makhleb.
             Slain by a destroyer
             ... wielding a +9 heavy great sword
              (132 damage)
             ... in the Dungeon (Sprint VIII: "Arena of Blood").
             The game lasted 00:04:49 (52 turns).

BreadTh the Axe Maniac (Spriggan Brigand)             Turns: 52, Time: 00:04:50

Health: -5/148     AC:  6    Str:  7    XL:     22   Next: 38%
Magic:  18/43      EV: 47    Int: 16    God:    Makhleb [******]
Gold:   0          SH:  0    Dex: 24    Spells: 54/54 levels left

rFire   + . .        l - +∞ Axe of Woe
rCold   . . .        (shield currently unavailable)
rNeg    . . .        b - +0 robe
rPois   .            (helmet restricted)
rElec   .            c - +0 cloak
rCorr   .            (gloves unavailable)
SInv    +            (boots unavailable)
Will    +++..        (no amulet)
Stlth   ++++++++++   a - ring of protection from fire
HPRegen 0.44/turn    (no ring)
MPRegen 0.28/turn

%: no teleportation
@: very quick
A: very small, no large weapons, unfitting armour, see invisible, speed 3
a: Renounce Religion, Minor Destruction, Lesser Servant of Makhleb, Major
Destruction, Greater Servant of Makhleb


You were in the Dungeon.
You worshipped Makhleb.
Makhleb was exalted by your worship.
You visited 1 branch

Inventory:

Hand Weapons
 l - the +∞ Axe of Woe (weapon)
   (You found it in the Dungeon)
Missiles
 d - 9 poisoned darts (quivered)
 e - 3 curare-tipped darts
Armour
 b - a +0 robe (worn)
 c - a +0 cloak (worn)
Jewellery
 a - a ring of protection from fire (left hand)
Scrolls
 k - a scroll of blinking
Potions
 f - a potion of curing
 g - a potion of heal wounds
 h - a potion of haste
 i - 2 potions of magic
 j - a potion of berserk rage


   Skills:
 O Level 27 Fighting
 + Level 15.5(18.1) Short Blades
 + Level 12.0(14.2) Long Blades
 O Level 27 Axes
 + Level 11.2(20.5) Maces & Flails
 + Level 11.0(20.5) Polearms
 + Level 11.1(14.6) Staves
 + Level 14.2 Ranged Weapons
 + Level 14.3 Throwing
 * Level 26.1 Armour
 O Level 27 Dodging
 O Level 27 Stealth
 + Level 11.1 Shields
 + Level 12.0 Unarmed Combat
 + Level 16.7 Spellcasting
 + Level 11.1 Conjurations
 + Level 16.7 Hexes
 + Level 12.1 Summonings
 + Level 13.0 Necromancy
 + Level 19.4 Translocations
 + Level 18.0 Transmutations
 + Level 12.0 Fire Magic
 + Level 12.0 Ice Magic
 + Level 13.0 Air Magic
 + Level 13.1 Earth Magic
 + Level 14.2 Poison Magic
 O Level 27 Invocations
 + Level 18.0 Evocations


You had 54 spell levels left.
You didn't know any spells.
Your spell library was empty.

Dungeon Overview and Level Annotations

Branches:
Dungeon (1/1)

Altars:
Makhleb


Innate Abilities, Weirdness & Mutations

You are very small and have problems with some larger weapons.
You are too small for most types of armour.
You have supernaturally acute eyesight. (SInv)
You cover ground extremely quickly. (Speed+++)


Message History

You kill the bag of meat!
Makhleb accepts your kill.
The large bag of meat explodes!
The fiery explosion engulfs the bag of meat!! x2
The fiery explosion engulfs you! You resist.
You are engulfed in blazing flames.
You resist.
You hear a shout! x7
The bag of meat is engulfed in blazing flames.
A bag of meat comes into view. It is wielding a +9 war axe.
The bag of meat is engulfed in blazing flames.
You hear a shout!
Your base Long Blades skill increases to level 12!
Your base Maces & Flails skill increases to level 11!
Your base Polearms skill increases to level 11!
Your base Staves skill increases to level 11!
Your Ranged Weapons skill increases to level 14!
Your Throwing skill increases to level 14!
Your Armour skill increases to level 26!
Your Shields skill increases to level 11!
Your Unarmed Combat skill increases to level 12!
Your Conjurations skill increases to level 11!
Your Summonings skill increases to level 12!
Your Necromancy skill increases to level 13!
Your Translocations skill increases to level 19!
Your Transmutations skill increases to level 18!
Your Fire Magic skill increases to level 12!
Your Ice Magic skill increases to level 12!
Your Air Magic skill increases to level 13!
Your Earth Magic skill increases to level 13!
Your Poison Magic skill increases to level 14!
Your Evocations skill increases to level 18!
The meat berserker appears out of thin air!
A meat berserker comes into view. It is wielding a +9 battleaxe.
The bag of meat shouts!
You hear a shout! x4
Items here: ))) === †.
A bag of meat comes into view. It is wielding a +9 war axe.
The bag of meat shouts!
You hear a shout! x2
The destroyer hits you with a +9 heavy great sword!!!!
Ouch! That really hurt!
You die...

......... ......#
..........##.....#
#................#
.........###.....#
..............§§.#
.....#.#......§o§#
.)..........o.oo§#
.)).#.#.#...o.o))#
.).......)).o.o.@#
..).)#)#)#o.#O.Vo#
#...)..)o..#oo.o.#
.....).o))o.#o.O.#
...§.o....o#oo...#
.........ooV.....#
..#...#......##..#
.#....#...o.##...#
#.....#....O# .#


You could see 2 destroyers, a large bag of meat (inner flame), a meat berserker
(wandering, berserk) and 21 bags of meat.

Vanquished Creatures
  6 vampire knights (D)
  16 ogres (D)
  A two-headed ogre (D)
  27 orcs (D)
  A skeletal warrior (D)
51 creatures vanquished.

Notes
Turn   | Place    | Note
-------+----------+-------------------------------------------
     0 | D        | Found the +∞ Axe of Woe
     0 | D        | BreadTh the Spriggan Brigand began the quest for the Orb.
     0 | D        | Reached XP level 1. HP: 10/10 MP: 2/2
     0 | D        | Noticed a bag of meat
     2 | D        | Noticed a bag of meat
     3 | D        | Killed a bag of meat
     3 | D        | Noticed a bag of meat
     3 | D        | Noticed a bag of meat
     3 | D        | Noticed a bag of meat
     4 | D        | Reached XP level 2. HP: 14/14 MP: 3/3
     4 | D        | Reached XP level 3. HP: 18/18 MP: 4/4
     4 | D        | Reached XP level 4. HP: 22/22 MP: 5/5
     4 | D        | Reached XP level 5. HP: 25/25 MP: 6/6
     4 | D        | Reached XP level 6. HP: 30/30 MP: 7/7
     4 | D        | Reached XP level 7. HP: 33/33 MP: 8/8
     4 | D        | Reached XP level 8. HP: 37/37 MP: 9/9
     4 | D        | Reached XP level 9. HP: 41/41 MP: 10/10
     4 | D        | Reached XP level 10. HP: 46/46 MP: 11/11
     6 | D        | Became a worshipper of Makhleb the Destroyer
     7 | D        | Noticed a bag of meat
     7 | D        | Noticed a bag of meat
     8 | D        | Noticed a meat berserker
     8 | D        | Noticed a bag of meat
     9 | D        | Noticed a meat berserker
    10 | D        | Noticed a bag of meat
    10 | D        | Noticed a meat berserker
    11 | D        | Noticed a meat berserker
    11 | D        | Noticed a bag of meat
    12 | D        | Killed a bag of meat
    12 | D        | Noticed a meat berserker
    13 | D        | Reached XP level 11. HP: 49/49 MP: 12/12
    13 | D        | Noticed a bag of meat
    14 | D        | Killed a meat berserker
    14 | D        | Reached * piety under Makhleb
    14 | D        | Killed a bag of meat
    14 | D        | Noticed a meat berserker
    14 | D        | Noticed a bag of meat
    14 | D        | Noticed a bag of meat
    14 | D        | Noticed a bag of meat
    15 | D        | Reached skill level 5 in Armour
    15 | D        | Reached skill level 10 in Invocations
    15 | D        | Reached XP level 12. HP: 65/65 MP: 12/20
    15 | D        | Reached XP level 13. HP: 69/69 MP: 12/21
    16 | D        | Killed a meat berserker
    16 | D        | Noticed a meat berserker
    16 | D        | Noticed a bag of meat
    16 | D        | Noticed a bag of meat
    17 | D        | Reached skill level 10 in Fighting
    17 | D        | Reached skill level 15 in Dodging
    17 | D        | Reached XP level 14. HP: 77/77 MP: 12/24
    17 | D        | Killed a meat berserker
    17 | D        | Reached ** piety under Makhleb
    17 | D        | Killed a bag of meat
    17 | D        | Killed a bag of meat
    17 | D        | Noticed a bag of meat
    17 | D        | Noticed a bag of meat
    18 | D        | Reached skill level 15 in Invocations
    18 | D        | Reached XP level 15. HP: 86/86 MP: 12/27
    18 | D        | Noticed a meat berserker
    18 | D        | Noticed a destroyer
    18 | D        | Noticed a meat berserker
    18 | D        | Noticed a meat berserker
    19 | D        | Noticed a destroyer
    19 | D        | Noticed a large bag of meat
    19 | D        | Noticed a meat berserker
    19 | D        | Noticed a meat berserker
    19 | D        | Noticed a meat berserker
    20 | D        | Noticed a destroyer
    21 | D        | Killed a meat berserker
    21 | D        | Reached *** piety under Makhleb
    21 | D        | Killed a meat berserker
    22 | D        | Reached skill level 27 in Axes
    22 | D        | Reached skill level 10 in Armour
    22 | D        | Reached XP level 16. HP: 97/97 MP: 12/30
    23 | D        | Noticed a destroyer
    23 | D        | Noticed a meat berserker
    24 | D        | Killed a meat berserker
    24 | D        | Reached **** piety under Makhleb
    24 | D        | Killed a meat berserker
    24 | D        | Noticed a meat berserker
    25 | D        | Reached skill level 27 in Dodging
    25 | D        | Killed a destroyer
    25 | D        | Killed a meat berserker
    25 | D        | Reached ***** piety under Makhleb
    25 | D        | Noticed a large bag of meat
    26 | D        | Reached skill level 27 in Stealth
    26 | D        | Reached XP level 17. HP: 112/112 MP: 13/34
    26 | D        | Killed a meat berserker
    26 | D        | Killed a meat berserker
    27 | D        | Reached skill level 27 in Invocations
    27 | D        | Reached XP level 18. HP: 123/123 MP: 13/36
    27 | D        | Killed a meat berserker
    28 | D        | Reached skill level 27 in Fighting
    29 | D        | Killed a meat berserker
    29 | D        | Reached ****** piety under Makhleb
    30 | D        | Reached skill level 5 in Short Blades
    30 | D        | Reached skill level 5 in Throwing
    30 | D        | Reached skill level 5 in Spellcasting
    30 | D        | Reached skill level 5 in Hexes
    30 | D        | Reached XP level 19. HP: 132/132 MP: 14/37
    30 | D        | Killed a destroyer
    30 | D        | Killed a meat berserker
    31 | D        | Reached skill level 5 in Polearms
    31 | D        | Reached skill level 5 in Staves
    31 | D        | Reached skill level 5 in Conjurations
    31 | D        | Reached skill level 10 in Transmutations
    31 | D        | Reached skill level 10 in Evocations
    31 | D        | Noticed a destroyer
    32 | D        | Killed a meat berserker
    33 | D        | Reached skill level 10 in Short Blades
    33 | D        | Reached skill level 10 in Spellcasting
    33 | D        | Reached skill level 10 in Hexes
    33 | D        | Reached XP level 20. HP: 100/137 MP: 14/38
    33 | D        | Noticed a meat berserker
    33 | D        | Noticed a destroyer
    37 | D        | Killed a destroyer
    38 | D        | Reached skill level 10 in Ranged Weapons
    38 | D        | Reached skill level 10 in Throwing
    38 | D        | Reached skill level 10 in Poison Magic
    42 | D        | Noticed a destroyer
    42 | D        | Killed a destroyer
    43 | D        | Reached skill level 15 in Translocations
    43 | D        | Reached skill level 10 in Earth Magic
    44 | D        | Killed a meat berserker
    44 | D        | Killed a destroyer
    45 | D        | Reached skill level 10 in Long Blades
    45 | D        | Reached skill level 10 in Unarmed Combat
    45 | D        | Reached skill level 10 in Summonings
    45 | D        | Reached skill level 15 in Transmutations
    45 | D        | Reached skill level 10 in Fire Magic
    45 | D        | Reached skill level 10 in Ice Magic
    45 | D        | Reached skill level 15 in Evocations
    45 | D        | Reached XP level 21. HP: 142/142 MP: 16/40
    47 | D        | Noticed a destroyer
    49 | D        | Reached skill level 10 in Maces & Flails
    49 | D        | Reached skill level 10 in Polearms
    49 | D        | Reached skill level 10 in Staves
    49 | D        | Reached skill level 10 in Shields
    49 | D        | Reached skill level 15 in Spellcasting
    49 | D        | Reached skill level 10 in Conjurations
    49 | D        | Reached skill level 15 in Hexes
    49 | D        | Killed a destroyer
    50 | D        | Reached skill level 15 in Short Blades
    50 | D        | Reached XP level 22. HP: 148/148 MP: 17/43
    50 | D        | Killed a large bag of meat
    52 | D        | Slain by a destroyer

Illustrated notes

Levels and vault maps discovered:
D:        meatsprint

Skill      XL: |  1  2  3  4  5  6  7  8  9 10 11 12 13 14 15 16 17 18 19 20 21 22 |
---------------+-------------------------------------------------------------------+-----
Axes           | 21 24 25 26 27 | 27.0
Fighting       | 8 10 13 16 21 25 27 | 27.0
Armour         | 5 6 8 10 14 17 22 23 25 26 | 26.1
Dodging        | 13 15 19 24 27 | 27.0
Stealth        | 12 14 17 21 27 | 27.0
Invocations    | 10 12 15 19 25 27 | 27.0
Short Blades   | 5 10 13 15 | 15.5
Long Blades    | 4 7 10 11 12 | 12.0
Maces & Flails | 3 6 9 10 11 | 11.2
Polearms       | 3 6 9 10 11 | 11.0
Staves         | 3 6 9 10 11 | 11.1
Ranged Weapons | 4 8 12 13 14 | 14.2
Throwing       | 5 9 12 13 14 | 14.3
Shields        | 3 6 9 10 11 | 11.1
Unarmed Combat | 3 7 10 11 12 | 12.0
Spellcasting   | 5 10 14 16 | 16.7
Conjurations   | 3 6 9 10 11 | 11.1
Hexes          | 5 10 14 16 | 16.7
Summonings     | 3 7 10 11 12 | 12.1
Necromancy     | 4 7 11 12 13 | 13.0
Translocations | 6 12 16 18 19 | 19.4
Transmutations | 6 11 15 17 18 | 18.0
Fire Magic     | 3 7 10 11 12 | 12.0
Ice Magic      | 3 7 10 11 12 | 12.0
Air Magic      | 4 8 11 12 13 | 13.0
Earth Magic    | 4 8 11 12 13 | 13.1
Poison Magic   | 4 8 12 13 14 | 14.2
Evocations     | 6 11 15 17 18 | 18.0

Action                     |  1- 3 |  4- 6 |  7- 9 | 10-12 | 13-15 | 16-18 | 19-21 | 22-24 || total
---------------------------+-------+-------+-------+-------+-------+-------+-------+-------++-------
  Melee: Broad axe         |     1 |       |       |     2 |     3 |     5 |     9 |     1 ||    21
  Dodge: Dodged            |       |       |       |       |       |       |     1 |       ||     1
